 Dungeon Crawl Stone Soup version 0.29.1 (webtiles) character file.

Game seed: 3424161374394182080

32 GigaChad the Covered (level 3, -7/33 HPs)
             Began as a Minotaur Fighter on Sept 13, 2022.
             Killed by nerve-wracking pain
             ... invoked by Jessica
              (13 damage)
             ... on level 2 of the Dungeon.
             The game lasted 00:01:59 (1125 turns).

GigaChad the Covered (Minotaur Fighter)             Turns: 1125, Time: 00:02:22

Health: -7/33      AC: 10    Str: 22    XL:     3   Next: 10%
Magic:  2/2        EV:  9    Int:  5    God:
Gold:   63         SH:  4    Dex:  9    Spells: 2/2 levels left

rFire   . . .      SeeInvis .   a - +0 long sword
rCold   . . .      Faith    .   c - +0 buckler
rNeg    . . .      Spirit   .   b - +0 scale mail
rPois   .          Reflect  .   (helmet restricted)
rElec   .          Harm     .   i - +2 cloak
rCorr   .          Rampage  .   (no gloves)
Will    .....                   (no boots)
Stlth   ..........              (no amulet)
HPRegen 0.11/turn               (no ring)
MPRegen 0.08/turn               (no ring)

@: lethally poisoned (-7 -> -26)
A: horns 2, retaliatory headbutt
a: no special abilities


You were on level 2 of the Dungeon.
You visited 1 branch of the dungeon, and saw 2 of its levels.

You collected 63 gold pieces.

Inventory:

Hand Weapons
 a - a +0 long sword (weapon)
Armour
 b - a +0 scale mail (worn)
 c - a +0 buckler (worn)
 i - a +2 cloak (worn)
Jewellery
 n - an amulet of guardian spirit
Scrolls
 e - a scroll of fog {unknown}
 h - a scroll of magic mapping {unknown}
 k - a scroll of immolation {unknown}
 l - a scroll of blinking {unknown}
 m - a scroll of teleportation {unknown}
 o - a scroll of amnesia {unknown}
 q - a scroll of fear {unknown}
Potions
 d - a potion of might
 f - 3 potions of flight {unknown}
 g - a potion of cancellation {unknown}
 j - a potion of curing {unknown}
 p - a potion of brilliance {unknown}


   Skills:
 + Level 4.0 Fighting
 + Level 3.0 Long Blades
 + Level 4.1 Armour
 + Level 0.1 Dodging
 + Level 4.0 Shields


You had 2 spell levels left.
You didn't know any spells.
Your spell library was empty.

Dungeon Overview and Level Annotations

Branches:
Dungeon (2/15)

Altars:

Annotations:
D:2 Jessica


Innate Abilities, Weirdness & Mutations

You have a pair of horns on your head.
You reflexively headbutt those who attack you in melee.


Message History

The rat moves out of view.
You see here 11 gold pieces.
The rat bites you but does no damage.
You slash the rat!
You kill the rat!
You see here a rat corpse.
Found 8 gold pieces.
You see here a rat corpse.
You now have 41 gold pieces (gained 11).
You see here a rat corpse.
You now have 49 gold pieces (gained 8).
You now have 63 gold pieces (gained 14).
You see here a +2 falchion of protection.
Jessica the Apprentice Sorceress comes into view.
She is wielding a +2 dagger of venom.
q - a scroll labelled LUCATUEMOC Jessica barely misses you.
You closely miss Jessica.
Jessica hits you with a +2 dagger of venom.
You are poisoned.
You barely miss Jessica.
You feel very sick.
Jessica hits you with a +2 dagger of venom.
You are more poisoned.
Jessica hits you but does no damage.
You are lethally poisoned!
You closely miss Jessica.
You feel extremely sick. Jessica misses you.
You hit Jessica. You headbutt Jessica.
Jessica is moderately wounded.
You feel very sick. Jessica hits you but does no damage.
You are more poisoned.
You hit Jessica but do no damage.
Jessica is moderately wounded.
* * * LOW HITPOINT WARNING * * *
You feel very sick.
Jessica points at you and mumbles some strange words.
Pain shoots through your body!
You die...

.####..# . #..# #..#
#..# #..### #..#
###....######..#
#....... ...#..# #
#.#..#.####.#..####.#
#.#..#.....)........##
##.#..#..###...@@......
#...............#######
##..#..........#.#
......#######.##.#
###.### #.##.# ###.#
.#...# .##.# ## ####
.##.. .####


You could see Jessica.

Vanquished Creatures
  An adder (D:2)
  An endoplasm (D:1)
  A giant cockroach (D:1)
  A goblin (D:1)
  2 hobgoblins (D:1)
  2 kobolds (D:1)
  3 quokkas (D:1)
  5 ball pythons
  2 bats (D:1)
  3 rats
21 creatures vanquished.

Notes
Turn   | Place    | Note
-------+----------+-------------------------------------------
     0 | D:1      | GigaChad the Minotaur Fighter began the quest for the Orb.
     0 | D:1      | Reached XP level 1. HP: 19/19 MP: 0/0
   179 | D:1      | Reached XP level 2. HP: 13/27 MP: 1/1
   975 | D:2      | Reached XP level 3. HP: 33/33 MP: 2/2
  1115 | D:2      | Noticed Jessica
  1125 | D:2      | Killed from afar by Jessica

Illustrated notes

Levels and vault maps discovered:
D:1:      amcnicky_arrival_single_pillar, layout_rooms
D:2:      layout_loops_ring, basic_altar, uniq_jessica

Skill      XL: |  1  2 |
---------------+-------+-----
Armour         | 4 |  4.1
Fighting       | 4 |  4.0
Long Blades    | 3 |  3.0
Shields        | 4 |  4.0
Dodging        | |  0.1

Action                   || total
-------------------------++-------
Melee: Long sword        ||    58
       Headbutt          ||     7
  Use: Scroll            ||     1
Armor: Scale mail        ||    53
Dodge: Dodged            ||    44
Block: Buckler           ||    18
